 Dungeon Crawl Stone Soup version 0.31-a0-1570-g93c622d222 (webtiles) character file.

Game seed: 18068307037095612843

717 Goblin1989 the Cudgeller (level 7, -2/72 HPs)
             Began as an Oni Gladiator on Jan 1, 2024.
             Incinerated by a bombardier beetle (7 damage)
             ... with a burning spray
             ... on level 5 of the Dungeon on Jan 3, 2024.
             The game lasted 00:08:10 (4584 turns).

Goblin1989 the Cudgeller (Oni Gladiator)            Turns: 4584, Time: 00:08:11

Health: -2/72      AC:  4    Str: 21    XL:     7   Next: 70%
Magic:  7/7        EV:  9    Int:  9    God:
Gold:   223        SH:  7    Dex: 10    Spells: 6/6 levels left

rFire   x . .        b - +8 hammer of Xinloteg {holy, rElec rF- rN++}
rCold   . . .        x - +0 kite shield
rNeg    + + .        w - +0 robe
rPois   .            c - +0 hat
rElec   +            i - +0 cloak
rCorr   .            (gloves unavailable)
SInv    +            (boots unavailable)
Will    .....        (no amulet)
Stlth   +            n - ring of see invisible
HPRegen 0.32/turn    (no ring)
MPRegen 0.10/turn

%: no passive effects
@: on fire, glowing
A: large, unfitting armour, horns 1, tough skin 1, double potion healing,
drunken brawling
a: no special abilities


You were on level 5 of the Dungeon.
You visited 1 branch of the dungeon, and saw 5 of its levels.

You collected 223 gold pieces.

Inventory:

Hand Weapons
 a - a +0 flail of pain
 b - the +8 hammer of Xinloteg (weapon) {holy, rElec rF- rN++}
   (You found it on level 3 of the Dungeon)

   rF-:       It makes you vulnerable to fire.
   rElec:     It insulates you from electricity.
   rN++:      It greatly protects you from negative energy.
Missiles
 d - 3 throwing nets (quivered) {!d , @Q1}
 e - a large rock {!d, @Q4}
 f - 6 javelins {@Q3}
Armour
 c - a +0 hat (worn)
 i - a +0 cloak (worn)
 w - a +0 robe (worn)
 x - a +0 kite shield (worn)
Magical Staves
 y - a staff of air
Jewellery
 n - a ring of see invisible (left hand)
Scrolls
 g - 2 scrolls of amnesia {unknown}
 h - a scroll of vulnerability {unknown}
 j - a scroll of fear {unknown}
 l - a scroll of poison {unknown}
 o - a scroll of butterflies {unknown}
 q - a scroll of revelation {unknown}
 r - a scroll of enchant armour {unknown}
 t - 3 scrolls of identify {unknown}
 v - a scroll of noise {unknown}
Potions
 k - a potion of might {unknown}
 m - a potion of brilliance {unknown}
 p - 3 potions of curing {unknown}
 s - a potion of enlightenment {unknown}
 u - a potion of cancellation {unknown}
 z - a potion of mutation {unknown}


   Skills:
 + Level 5.1 Fighting
 + Level 6.6 Maces & Flails
 - Level 2.0 Throwing
 + Level 4.0 Dodging
 + Level 2.7 Shields


You had 6 spell levels left.
You didn't know any spells.
Your spell library contained the following spells:

 Spells                   Type           Power      Damage    Failure   Level
 Foxfire                  Conj/Fire      0%         2x1d4     69%         1
 Necrotise                Necr           0%         1d4       69%         1
 Ensorcelled Hibernation  Hex/Ice        0%         N/A       83%         2
 Dazzling Flash           Conj/Hex       0%         N/A       96%         3
 Fugue of the Fallen      Necr           0%         N/A       96%         3
 Mephitic Cloud           Conj/Alch/Air  0%         N/A       96%         3
 Vampiric Draining        Necr           0%         2d6       96%         3
 Anguish                  Hex/Necr       0%         N/A       100%        4
 Martyr's Knell           Necr/Summ      0%         N/A       100%        4
 Curse of Agony           Necr           0%         N/A       100%        5
 Silence                  Hex/Air        0%         N/A       100%        5
 Plasma Beam              Fire/Air       0%         2x1d10    100%        6
 Starburst                Conj/Fire      0%         6d3       100%        6


Dungeon Overview and Level Annotations

Branches:
Dungeon (5/15) Zot: 25366
 Temple: D:4-7

Altars:
Dithmenos
Elyvilon
Fedhas
Makhleb
Qazlal
Sif Muna
Vehumet

Shops:
D:4 =

Annotations:
D:3 exclusion: door
D:5 exclusion: statue


Innate Abilities, Weirdness & Mutations

You are too large for most types of armour.
You have a pair of small horns on your head.
You have tough skin. (AC +1)
You gain doubled healing and magic from potions.
Whenever you drink a healing potion, you attack all around you.


Message History

Found an escape hatch in the ceiling and an escape hatch in the floor.
You now have 223 gold pieces (gained 12).
An ogre comes into view. It is wielding a +0 giant club.
The ogre shouts!
An ogre is nearby!
A bombardier beetle comes into view.
An adder comes into view.
The adder hisses angrily.
The ogre barely misses you.
You hit the ogre.
The ogre is moderately wounded.
You barely miss the ogre. You headbutt the ogre.
The ogre is heavily wounded.
The ogre misses you. You block the adder's attack.
You hit the ogre. You headbutt the ogre.
The ogre is heavily wounded.
The adder bites you. The ogre hits you with a +0 giant club!
The adder bites you but does no damage.
You take 15 damage, and have 56/71 hp.
MASSIVE DAMAGE!!
You sock the ogre!
You kill the ogre!
The bombardier beetle sprays incendiary fluid at you.
The burning spray misses you. The adder bites you.
You are poisoned.
The adder poisons you!
You bludgeon the adder!!
You kill the adder!
You feel sick.
Your Fighting skill increases to level 5!
You take 3 damage, and have 53/72 hp.
You hit the bombardier beetle. You headbutt the bombardier beetle.
The bombardier beetle is heavily wounded.
You feel sick.
The bombardier beetle sprays incendiary fluid at you.
The burning spray hits you.
You are covered in liquid fire!
You take 2 damage, and have 51/72 hp.
You hit the bombardier beetle. You headbutt the bombardier beetle.
The bombardier beetle is almost dead.
The liquid fire burns you!
You feel sick.
You take 8 damage, and have 43/72 hp.
You are too injured to fight recklessly!
You are too injured to fight recklessly!
You are too injured to fight recklessly!
You are too injured to fight recklessly!
You are too injured to fight recklessly!
You are too injured to fight recklessly!
You are too injured to fight recklessly!
You are too injured to fight recklessly!
You are too injured to fight recklessly!
You are too injured to fight recklessly!
You are too injured to fight recklessly!
You are too injured to fight recklessly!
You are too injured to fight recklessly!
You are too injured to fight recklessly!
You are too injured to fight recklessly!
You are too injured to fight recklessly!
You are too injured to fight recklessly!
You are too injured to fight recklessly!
You are too injured to fight recklessly!
You are too injured to fight recklessly!
You are too injured to fight recklessly!
You are too injured to fight recklessly!
You are too injured to fight recklessly!
You are too injured to fight recklessly!
You closely miss the bombardier beetle.
The bombardier beetle is almost dead.
The liquid fire burns you!
You feel sick.
The bombardier beetle bites you but does no damage.
You take 7 damage, and have 36/72 hp.
You hit the bombardier beetle.
You kill the bombardier beetle!
The liquid fire burns you!
* * * LOW HITPOINT WARNING * * *
You feel sick.
Your Dodging skill increases to level 4!
You take 9 damage, and have 27/72 hp.
You shake off some of the fire as you move.
The liquid fire burns you!
* * * LOW HITPOINT WARNING * * *
You feel sick.
You are no longer poisoned.
You see here a +0 giant club.
You take 8 damage, and have 19/72 hp.
You are on fire!
You are on fire!
You are on fire!
The liquid fire burns you!
* * * LOW HITPOINT WARNING * * *
You take 2 damage, and have 17/72 hp.
The liquid fire burns you!
* * * LOW HITPOINT WARNING * * *
You take 6 damage, and have 11/72 hp.
The liquid fire burns you!
* * * LOW HITPOINT WARNING * * *
You take 6 damage, and have 5/72 hp.
The liquid fire burns you!
You die...

.... .█. .. █. ███.███
█▲█ █ .....█ █.█ █
█.█.█████.█████████
█.@....██.██.....██
█.......██.█.....~~~...
██████████.....~≈≈≈~~~.
█.█..≈~~≈≈~≈≈≈
█.█.~≈≈≈~~≈≈≈~
█...~~≈~P.P≈~≈
██.~≈≈≈PP♣P.~≈
█.~~≈≈>P⌂.<~≈
█.~~~~.♣P♣♣≈≈


There were no monsters in sight!

Vanquished Creatures
  Edmund (D:5)
  A water moccasin (D:5)
  A sky beast (D:4)
  An ogre (D:5)
  A jelly (D:4)
  A hound (D:5)
  2 bombardier beetles
  Crazy Yiuf (D:3)
  Terence (D:3)
  An iguana (D:4)
  4 adders
  3 ribbon worms (D:2)
  3 dart slugs
  An orc (D:3)
  A ball python (D:3)
  11 endoplasms
  2 giant cockroaches
  6 hobgoblins
  3 quokkas
  7 bats
  5 frilled lizards
  2 goblins
  4 kobolds
  12 rats
75 creatures vanquished.

Vanquished Creatures (others)
  A butterfly (D:3)
1 creature vanquished.

Grand Total: 76 creatures vanquished

Notes
Turn   | Place    | Note
-------+----------+-------------------------------------------
     0 | D:1      | Goblin1989 the Oni Gladiator began the quest for the Orb.
     0 | D:1      | Reached XP level 1. HP: 22/22 MP: 1/1
    85 | D:1      | Upgraded the game from 0.31-a0-1539-g569d6c7dce to
                  | 0.31-a0-1570-g93c622d222
   150 | D:1      | Reached XP level 2. HP: 24/29 MP: 2/2
   426 | D:1      | Found a faded altar of an unknown god.
   527 | D:1      | Reached skill level 4 in Maces & Flails
   752 | D:2      | Reached XP level 3. HP: 36/36 MP: 3/3
  1702 | D:2      | Found a burning altar of Makhleb.
  1808 | D:3      | Found a stormy altar of Qazlal.
  1859 | D:3      | Reached XP level 4. HP: 36/44 MP: 4/4
  2018 | D:3      | Reached skill level 5 in Maces & Flails
  2196 | D:3      | Noticed Terence
  2206 | D:3      | Killed Terence
  2361 | D:3      | Found a white marble altar of Elyvilon.
  2438 | D:3      | Found a shimmering blue altar of Sif Muna.
  2817 | D:3      | Found a runed translucent door.
  2818 | D:3      | Noticed Crazy Yiuf
  2823 | D:3      | Killed Crazy Yiuf
  2824 | D:3      | Reached XP level 5. HP: 50/50 MP: 5/5
  2827 | D:3      | Identified the +8 hammer of Xinloteg {holy, rElec rF- rN++}
  3222 | D:4      | Noticed a sky beast
  3228 | D:4      | Killed a sky beast
  3229 | D:4      | Reached skill level 6 in Maces & Flails
  3229 | D:4      | Reached skill level 1 in Shields
  3229 | D:4      | Reached XP level 6. HP: 61/61 MP: 6/6
  3249 | D:4      | Found a shadowy altar of Dithmenos.
  3334 | D:4      | Found Suwafy's Jewellery Emporium.
  3804 | D:5      | Entered Level 5 of the Dungeon
  3849 | D:5      | Noticed a water moccasin
  3856 | D:5      | Killed a water moccasin
  3857 | D:5      | Reached XP level 7. HP: 51/70 MP: 7/7
  4097 | D:5      | Found a radiant altar of Vehumet.
  4281 | D:5      | Noticed Edmund
  4292 | D:5      | Killed Edmund
  4537 | D:5      | Found a blossoming altar of Fedhas.
  4576 | D:5      | Reached skill level 5 in Fighting
  4584 | D:5      | Incinerated by a bombardier beetle

Illustrated notes

Levels and vault maps discovered:
D:1:      ncdulo_wetmaze, layout_rooms, shapermc_ecumenical_altar_notcrosses,
          minmay_misc_feat_encased, skrybe_limestone_x, st_stairs_2,
          minmay_rat_gold_closets
D:2:      layout_basic, basic_altar
D:3:      layout_loops_corners, overflow_temple_1_default,
          nicolae_elyvilon_peaceful_grove, led_sif_book, serial_forest,
          infiniplex_forest_diagonal, infiniplex_forest_clump_long,
          infiniplex_forest_straight_1, infiniplex_forest_corner_2,
          infiniplex_forest_clump_small, infiniplex_forest_clump_tiny,
          infiniplex_forest_clump_large, infiniplex_forest_zigzag_1,
          infiniplex_forest_corner_1, uniq_crazy_yiuf_cottage, uniq_terence
D:4:      layout_loops_cross, nicolae_overflow_crystal_walls,
          minmay_shop_enchanted_jewellery
D:5:      layout_loops_corners, vehumet_statue, fedhas_ov_isle_minmay,
          trog_hazing_becter, kennysheep_okawaru_gauntlet,
          chequers_serial_rivers_room_a, uniq_edmund, uniq_grinder

Skill      XL: |  1  2  3  4  5  6  7 |
---------------+----------------------+-----
Maces & Flails | 4 5 6 |  6.6
Fighting       | 3 4 5 |  5.1
Dodging        | 3 4 |  4.0
Shields        | 1 2 |  2.7
Throwing       | |  2.0

Action                     |  1- 3 |  4- 6 |  7- 9 || total
---------------------------+-------+-------+-------++-------
  Melee: Flail             |   118 |    39 |       ||   157
         Headbutt          |    11 |     7 |     6 ||    24
         Mace              |       |    29 |    23 ||    52
   Stab: Sleeping          |     2 |     4 |       ||     6
 Armour: Robe              |    77 |    36 |    14 ||   127
  Dodge: Dodged            |    60 |    26 |     7 ||    93
  Block: Kite shield       |       |    11 |     7 ||    18

Table legend: (Time is in decaauts)
 A = Elapsed time spent in this place.
 B = Non-inter-level travel time spent in this place.
 C = Inter-level travel time spent in this place.
 D = Time resting spent in this place.
 E = Time spent auto-exploring this place.
 F = Levels seen in this place.
 G = Mean time per level.
                   A        B        C        D        E       F      G
               +--------+--------+--------+--------+--------+-----+--------+
         Total |   4633 |   4496 |    137 |    313 |   3571 |   5 |  926.6 |
       Dungeon |   4633 |   4496 |    137 |    313 |   3571 |   5 |  926.6 |
               +--------+--------+--------+--------+--------+-----+--------+

Top non-repeatable levels by time:
     D:3: 1197 daAuts
     D:2: 1097 daAuts
     D:4: 832 daAuts
     D:5: 784 daAuts
     D:1: 721 daAuts
